 Dungeon Crawl Stone Soup version 0.28-a0-1202-g1e6f1b2279 (webtiles) character file.

Game seed: 5222179178700664364

43 Grim the Vexing (level 3, 0/30 HPs)
             Began as a Deep Elf Arcane Marksman on Dec 20, 2021.
             Succumbed to an adder's poison
             ... on level 2 of the Dungeon.
             The game lasted 00:03:05 (2286 turns).

Grim the Vexing (Deep Elf Arcane Marksman)          Turns: 2286, Time: 00:03:06

Health: 0/30       AC: 21    Str:  6 (7)  XL:     3   Next: 37%
Magic:  7/7        EV:  2    Int: 16 (17) God:
Gold:   39         SH:  0    Dex: 16 (17) Spells: 4/5 levels left

rFire   . . .      SeeInvis .   b - +0 short sword
rCold   . . .      Faith    .   (no shield)
rNeg    . . .      Spirit   .   (armour currently unavailable)
rPois   +          Reflect  .   (helmet currently unavailable)
rElec   .          Harm     .   (cloak currently unavailable)
rCorr   .          Rampage  .   (gloves currently unavailable)
Will    .....      NoTele   +   (boots currently unavailable)
Stlth   +.........              (no amulet)
HPRegen 0.10/turn               (no ring)
MPRegen 0.10/turn               (no ring)

@: mighty, brilliant, lethally poisoned (0 -> -1), tree-form
A: stationary, stasis, torment immunity, boosted hp
a: no special abilities


You were on level 2 of the Dungeon.
You were a tree.
You visited 1 branch of the dungeon, and saw 2 of its levels.

You collected 39 gold pieces.

Inventory:

Hand Weapons
 a - a +0 shortbow
 b - a +0 short sword (weapon)
Missiles
 c - 24 arrows
Armour
 d - a +0 robe (melded)
Scrolls
 f - 4 scrolls of identify {unknown}
 h - a scroll of amnesia {unknown}


   Skills:
 - Level 0.7 Fighting
 * Level 4.5 Bows
 - Level 2.4 Dodging
 - Level 1.5 Spellcasting
 + Level 4.7 Hexes


You had 4 spell levels left.
You knew the following spells:

 Your Spells              Type           Power      Damage    Failure   Level
a - Slow                  Hex            96%        N/A       3%          1

Your spell library contained the following spells:

 Spells                   Type           Power      Damage    Failure   Level
 Inner Flame              Hex/Fire       13%        N/A       26%         3
 Portal Projectile        Hex/Tloc       26%        N/A       26%         3
 Cause Fear               Hex            12%        N/A       30%         4


Dungeon Overview and Level Annotations

Branches:
Dungeon (2/15)

Altars:


Message History

The adder poisons you!
b - a +0 short sword (weapon)
You feel sick.
You miss the adder.
The adder is almost dead.
You feel sick. The adder bites you.
* * * LOW HITPOINT WARNING * * *
You are lethally poisoned!
The adder poisons you!
You hit the adder.
You kill the adder!
* * * LOW HITPOINT WARNING * * *
You feel very sick.
It was a potion of magic.
Magic courses through your body.
* * * LOW HITPOINT WARNING * * *
You feel sick.
It was a potion of might.
You feel very mighty all of a sudden.
* * * LOW HITPOINT WARNING * * *
You feel sick.
It was a potion of degeneration.
There was something very wrong with that liquid.
You feel weakened.
You feel dopey.
You feel clumsy.
* * * LOW HITPOINT WARNING * * *
You feel sick.
It was a potion of brilliance.
You feel clever all of a sudden.
* * * LOW HITPOINT WARNING * * *
You feel sick.
It was a potion of lignification.
You turn into a tree.
Your +0 robe melds into your body.
Your roots penetrate the ground.
* * * LOW HITPOINT WARNING * * *
You feel sick.
Unknown command.
There is a lethal amount of poison in your body!
* * * LOW HITPOINT WARNING * * *
You feel sick.
* * * LOW HITPOINT WARNING * * *
You feel sick.
You die...

##.## #.# #.(.# #.#
##.## #.# #.# #.###
##(## #.#.##
####...##########....#
+.....................
##.#.†.##########....#
#.#.♣.# #.#.## # #.#.#
#####.#### ...[.#
#......... ###.###
#.###.###. #. #.# #.#
#. #. #.###.###. #.
#.##.#.##. #.
#.#.###.#† #..## ##..


There were no monsters in sight!

Vanquished Creatures
  A gnoll (D:1)
  An adder (D:2)
  2 bats (D:1)
  3 endoplasms (D:1)
  2 giant cockroaches (D:1)
  3 goblins
  3 hobgoblins
  A kobold (D:2)
  3 ball pythons
  A frilled lizard (D:1)
  3 rats
23 creatures vanquished.

Notes
Turn   | Place    | Note
-------+----------+-------------------------------------------
     0 | D:1      | Grim the Deep Elf Arcane Marksman began the quest for the
                  | Orb.
     0 | D:1      | Reached XP level 1. HP: 11/11 MP: 5/5
   803 | D:1      | Reached XP level 2. HP: 8/16 MP: 2/6
  1728 | D:2      | Reached XP level 3. HP: 16/20 MP: 4/7
  2285 | D:2      | HP: 1/30 [poisoned by an adder]
  2286 | D:2      | Succumbed to an adder's poison

Illustrated notes

Levels and vault maps discovered:
D:1:      lemuel_arrival_behind_the_door_large, layout_loops_corners
D:2:      layout_loops_corners, ebering_ecumenical_altar_hall

Skill      XL: |  1  2 |
---------------+-------+-----
Bows           | 3 4 |  4.5
Fighting       | |  0.7
Dodging        | |  2.4
Spellcasting   | |  1.5
Hexes          | |  4.7

Action                   || total
-------------------------++-------
Melee: Short sword       ||    10
 Fire: Shortbow          ||    71
 Cast: Slow              ||    17
  Use: Potion            ||     5
Armor: Robe              ||    14
Dodge: Dodged            ||    29

Table legend: (Time is in decaauts)
 A = Elapsed time spent in this place.
 B = Non-inter-level travel time spent in this place.
 C = Inter-level travel time spent in this place.
 D = Time resting spent in this place.
 E = Time spent auto-exploring this place.
 F = Levels seen in this place.
 G = Mean time per level.
                   A        B        C        D        E       F      G
               +--------+--------+--------+--------+--------+-----+--------+
         Total |   2290 |   2253 |     37 |    697 |   1218 |   2 | 1145.0 |
       Dungeon |   2290 |   2253 |     37 |    697 |   1218 |   2 | 1145.0 |
               +--------+--------+--------+--------+--------+-----+--------+

Top non-repeatable levels by time:
     D:1: 1719 daAuts
     D:2: 570 daAuts
